 Dungeon Crawl Stone Soup version 0.27.0-1-g7a089689b8 (webtiles) character file.

Game seed: 13578689570836610102

23646 mainiacjoe the Basher (level 12, -24/103 HPs)
             Began as a Palentonga Fighter on Aug 12, 2021.
             Was a High Priest of Okawaru.
             Annihilated by a blink frog (41 damage)
             ... on level 4 of the Lair of Beasts.
             The game lasted 00:31:11 (18594 turns).

mainiacjoe the Basher (Palentonga Fighter)         Turns: 18594, Time: 00:31:12

Health: -24/103    AC: 16    Str: 24    XL:     12   Next: 73%
Magic:  13/19      EV: 12    Int: 10    God:    Okawaru [*****.]
Gold:   784        SH:  0    Dex:  9    Spells: 11/11 levels left

rFire    . . .     SeeInvis +   a - +0 flail (protect)
rCold    . . .     Faith    .   c - +0 kite shield
rNeg     . . .     Spirit   .   v - +1 leather armour {rPois}
rPois    +         Reflect  +   d - +1 hat
rElec    .         Harm     .   R - +0 cloak
rCorr    .         Rampage  .   (no gloves)
Will     +....                  (no barding)
Stlth    ++........             Y - amulet of reflection
HPRegen  0.27/turn              o - ring of willpower
MPRegen  0.16/turn              G - +4 ring of slaying {=R}

@: sleeping, heroic, finesse-ful, curled up
A: large, rugged brown scales 3, see invisible, deformed body, roll 1, armoured
tail, reflexive curl
a: Rolling Charge, Renounce Religion, Heroism, Finesse


You were on level 4 of the Lair of Beasts.
You worshipped Okawaru.
Okawaru was extremely pleased with you.
You visited 3 branches of the dungeon, and saw 16 of its levels.

You collected 904 gold pieces.
You spent 120 gold pieces at shops.

Inventory:

Hand Weapons
 a - a +0 flail of protection (weapon)
 b - a +1 hunting sling of freezing
Missiles
 h - 440 stones
 i - 112 sling bullets
 m - 13 javelins
 t - 135 bolts
 y - 48 poisoned darts (quivered)
 X - a silver javelin
 Z - 2 boomerangs
Armour
 c - a +0 kite shield (worn)
 d - a +1 hat (worn)
 v - a +1 leather armour of poison resistance (worn)
 R - a +0 cloak (worn)
Jewellery
 o - a ring of willpower (left hand)
 G - a +4 ring of slaying (right hand) {=R}
 L - a ring of protection from fire
 Q - a ring of resist corrosion
 U - a ring of protection from cold
 Y - an amulet of reflection (around neck)
Wands
 C - a wand of iceblast (14)
 H - a wand of flame (39)
 M - a wand of charming (4)
 T - a wand of digging (6)
 W - a wand of paralysis (13)
Scrolls
 e - a scroll of summoning {unknown}
 l - 3 scrolls of enchant armour
 r - a scroll of enchant weapon {unknown}
 u - a scroll of acquirement {unknown}
 B - a scroll of teleportation
 I - a scroll of blinking
 S - a scroll of fear {unknown}
Potions
 f - 2 potions of ambrosia
 j - 3 potions of cancellation
 k - 2 potions of flight
 n - 2 potions of attraction
 p - a potion of lignification {unknown}
 x - 3 potions of mutation
 A - a potion of magic {unknown}
 D - 8 potions of curing
 F - a potion of experience {unknown}
 J - a potion of resistance {unknown}
 K - a potion of invisibility {unknown}
 N - a potion of heal wounds
 O - a potion of brilliance {unknown}
 P - a potion of berserk rage {unknown}
 V - a potion of haste {unknown}


   Skills:
 - Level 10.0(15.0) Fighting
 - Level 14.0(19.0) Maces & Flails
 - Level 5.0(10.0) Armour
 - Level 5.0(10.0) Dodging
 - Level 5.0(10.0) Shields
 + Level 10.2 Invocations


You had 11 spell levels left.
You didn't know any spells.
Your spell library contained the following spells:

 Spells                   Type           Power      Damage    Failure   Level
 Freeze                   Ice            0%         1d3       38%         1
 Magic Dart               Conj           0%         1d3       38%         1
 Searing Ray              Conj           0%         3d3       54%         2
 Frozen Ramparts          Ice            0%         1d2       77%         3
 Stone Arrow              Conj/Erth      0%         3d7       77%         3
 Cause Fear               Hex            0%         N/A       99%         4
 Fulminant Prism          Conj/Hex       0%         3d6       99%         4
 Hailstorm                Conj/Ice       0%         3d3       99%         4
 Iskenderun's Mystic Bla  Conj/Tloc      0%         2d3       99%         4
 Summon Ice Beast         Ice/Summ       0%         N/A       99%         4
 Bolt of Magma            Conj/Fire/Erth 0%         4d4       100%        5
 Lee's Rapid Deconstruct  Erth           0%         3d5*      100%        5
 Summon Mana Viper        Hex/Summ       0%         N/A       100%        5
 Dragon Form              Tmut           0%         N/A       100%        7
 Monstrous Menagerie      Summ           0%         N/A       100%        7
 Dragon's Call            Summ           0%         N/A       100%        9
 Shatter                  Erth           0%         3d5*      100%        9


Dungeon Overview and Level Annotations

Branches:
Dungeon (11/15)            Temple (1/1) D:5            Lair (4/6) D:8
 Shoals (0/4) Lair:3       Spider (0/4) Lair:2          Orc (0/2) D:9

Altars:
Ashenzari
Cheibriados
Dithmenos
Elyvilon
Fedhas
Gozag
Hepliaklqana
Kikubaaqudgha
Makhleb
Nemelex Xobeh
Okawaru
Qazlal
Ru
Sif Muna
Trog
Uskayaw
Vehumet
Wu Jian
Xom
Yredelemnul
Zin
The Shining One

Shops:
D:4 [

Annotations:
D:4 1 runed translucent door, Crazy Yiuf


Innate Abilities, Weirdness & Mutations

You are completely covered in rugged brown scales. (AC +3, +7% HP)
You have supernaturally acute eyesight. (SInv)
Armour fits poorly on your strangely shaped body.
You can roll at nearby foes to attack.
You have a long armoured tail.
You curl defensively after being hit.


Message History

You barely miss the water moccasin. You block the cane toad's attack.
You sock the water moccasin!
The water moccasin is moderately wounded.
You block the water moccasin's attack.
The dream sheep shake their wool and sparkle.
You feel drowsy...
You fall asleep.
The blink frog hits you!
You wake up.
You are too injured to fight recklessly!
You are too injured to fight recklessly!
You are too injured to fight recklessly!
You are too injured to fight recklessly!
You are too injured to fight recklessly!
Unknown command.
You block the blink frog's attack. The cane toad stings you.
The water moccasin bites you but does no damage.
The blink frog barely misses you. The blink frog barely misses you.
You block the water moccasin's attack. You block the cane toad's attack.
You block the blink frog's attack.
The blink frog hits you but does no damage.
The blink frog closely misses you.
The water moccasin bites you but does no damage.
The cane toad closely misses you. The blink frog closely misses you.
The blink frog barely misses you.
The blink frog hits you but does no damage.
You block the water moccasin's attack. You block the cane toad's attack.
The blink frog hits you but does no damage.
You block the blink frog's attack. x2; The water moccasin bites you.
The blink frog barely misses you.
The cane toad stings you but does no damage.
The blink frog barely misses you. The blink frog hits you!
The blink frog blinks!
The water moccasin closely misses you. You block the blink frog's attack.
The cane toad stings you!!
* * * LOW HITPOINT WARNING * * *
You block the blink frog's attack. The water moccasin closely misses you.
The dream sheep shake their wool and sparkle.
You feel drowsy...
You fall asleep.
The blink frog closely misses you. The blink frog hits you!!!
You die...

##.(Y..##
##.....###
#.....>..#
####?....##
##.F...##
#.>.Y..##
#YYYY..#
#SFY.###
#@F..P#
##F...#
....[$#
#...?##
..(..#
.#....
##.(. #.^


You could see 3 elephants, a cane toad, 3 blink frogs, a water moccasin and 3
dream sheep.

Vanquished Creatures
  3 hydras
  6 death yaks
  An orb spider (Lair:2)
  A centaur zombie (D:10)
  A merfolk siren (Lair:3)
  An elephant (Lair:3)
  2 black mambas (Lair:3)
  4 cane toads
  7 komodo dragons
  A rime drake (Lair:1)
  A kobold demonologist (D:9)
  A troll (D:8)
  A meliai zombie (D:11)
  6 blink frogs
  A dream sheep (Lair:3)
  3 wyverns
  2 shadows
  18 yaks
  A wraith (D:9)
  A basilisk (Lair:2)
  3 steam dragons
  8 water moccasins
  2 sky beasts
  A black bear (D:6)
  An ice beast (D:5)
  A hornet zombie (D:6)
  5 necrophages
  12 wolves
  3 ogres
  2 centaurs
  2 phantoms
  A kobold brigand (D:8)
  10 bullfrogs
  3 gnoll sergeants
  3 scorpions
  A wyvern skeleton (D:6)
  16 killer bees
  2 water moccasin skeletons
  4 electric eels (D:8)
  A howler monkey (D:5)
  A bullfrog zombie (D:5)
  2 orc priests
  9 hounds
  2 jellies
  2 centaur skeletons (D:4)
  A gnoll shaman (D:9)
  5 iguanas
  6 hell rats
  5 orc wizards
  A hound zombie (D:5)
  A howler monkey skeleton (D:5)
  16 gnolls
  11 adders
  2 white imps
  3 ufetubi
  2 worms (D:2)
  A dart slug (D:2)
  41 orcs
  8 bats
  7 endoplasms
  6 giant cockroaches
  4 goblins (D:1)
  3 hobgoblins
  2 jackals (D:4)
  13 kobolds
  3 quokkas
  12 ball pythons
  5 frilled lizards (D:1)
  5 rats
322 creatures vanquished.

Vanquished Creatures (others)
  A yak (Lair:2)
  12 fungi
  16 plants
29 creatures vanquished.

Grand Total: 351 creatures vanquished

Notes
Turn   | Place    | Note
-------+----------+-------------------------------------------
     0 | D:1      | mainiacjoe the Palentonga Fighter began the quest for the
                  | Orb.
     0 | D:1      | Reached XP level 1. HP: 19/19 MP: 1/1
   134 | D:1      | Reached XP level 2. HP: 24/25 MP: 2/2
   167 | D:1      | Reached skill level 3 in Maces & Flails
   661 | D:1      | Reached XP level 3. HP: 31/31 MP: 3/3
  1408 | D:2      | Reached skill level 4 in Maces & Flails
  1916 | D:2      | Reached XP level 4. HP: 37/37 MP: 4/4
  1919 | D:2      | Noticed an ogre
  1921 | D:2      | Killed an ogre
  1922 | D:2      | Reached skill level 5 in Maces & Flails
  1922 | D:2      | Reached XP level 5. HP: 43/43 MP: 5/5
  2261 | D:3      | Noticed a sky beast
  2276 | D:3      | Killed a sky beast
  2277 | D:3      | Reached skill level 6 in Maces & Flails
  2277 | D:3      | Reached XP level 6. HP: 20/50 MP: 6/6
  2924 | D:3      | Reached skill level 7 in Maces & Flails
  3722 | D:4      | Found Azxycoid's Antique Armour Boutique.
  3730 | D:4      | Bought a glowing leather armour for 120 gold pieces
  4032 | D:4      | Gained mutation: You curl defensively after being hit.
                  | [Palentonga growth]
  4032 | D:4      | Reached XP level 7. HP: 46/55 MP: 7/7
  4121 | D:4      | Reached skill level 8 in Maces & Flails
  4606 | D:4      | Found a runed translucent door.
  4607 | D:4      | Noticed Crazy Yiuf
  4903 | D:5      | Entered Level 5 of the Dungeon
  4930 | D:5      | Reached skill level 1 in Dodging
  5172 | D:5      | Reached XP level 8. HP: 48/64 MP: 8/8
  5335 | D:5      | Reached skill level 9 in Maces & Flails
  5407 | D:5      | Found a staircase to the Ecumenical Temple.
  5422 | Temple   | Entered the Ecumenical Temple
  5566 | Temple   | Became a worshipper of Warmaster Okawaru
  6097 | D:6      | Reached * piety under Okawaru
  6109 | D:6      | Reached skill level 5 in Fighting
  6226 | D:6      | Reached skill level 10 in Maces & Flails
  6232 | D:6      | Reached XP level 9. HP: 67/72 MP: 9/9
  6322 | D:6      | Reached ** piety under Okawaru
  6323 | D:6      | Reached skill level 1 in Invocations
  6933 | D:6      | Found a blossoming altar of Fedhas.
  6933 | D:6      | Found a glowing golden altar of the Shining One.
  7170 | D:6      | Reached skill level 5 in Dodging
  7967 | D:7      | Reached skill level 5 in Invocations
  8069 | D:7      | HP: 3/72 [killer bee (5)]
  8493 | D:7      | Reached *** piety under Okawaru
  8896 | D:8      | Noticed a troll
  8912 | D:8      | Found a staircase to the Lair.
  8935 | D:8      | Killed a troll
  8936 | D:8      | Reached skill level 11 in Maces & Flails
  8936 | D:8      | Reached XP level 10. HP: 4/79 MP: 11/14
 10342 | D:9      | Noticed a sixfirhy
 10502 | D:9      | Reached skill level 12 in Maces & Flails
 10641 | D:9      | Reached **** piety under Okawaru
 10977 | D:9      | Found a staircase to the Orcish Mines.
 11101 | D:9      | Reached skill level 13 in Maces & Flails
 11453 | D:10     | Entered Level 10 of the Dungeon
 12030 | D:10     | Reached XP level 11. HP: 64/84 MP: 16/16
 12376 | Lair:1   | Entered Level 1 of the Lair of Beasts
 12794 | Lair:1   | Reached ***** piety under Okawaru
 12795 | Lair:1   | Reached skill level 14 in Maces & Flails
 13956 | Lair:2   | Noticed a death yak
 13962 | Lair:2   | Noticed a death yak
 13962 | Lair:2   | Noticed a death yak
 13963 | Lair:2   | Noticed a death yak
 13965 | Lair:2   | Noticed a death yak
 13995 | Lair:1   | Killed a death yak
 14003 | Lair:1   | Killed a death yak
 14305 | Lair:2   | Noticed a death yak
 14975 | Lair:2   | Killed a death yak
 15135 | Lair:2   | Received a gift from Okawaru
 15337 | Lair:2   | Noticed an orb spider
 15362 | Lair:2   | Killed an orb spider
 15363 | Lair:2   | Reached skill level 5 in Armour
 15363 | Lair:2   | Reached skill level 5 in Shields
 15374 | Lair:2   | Found a hole to the Spider Nest.
 15405 | Lair:2   | Noticed an eight-headed hydra
 15416 | Lair:2   | Killed an eight-headed hydra
 15417 | Lair:2   | Reached XP level 12. HP: 95/98 MP: 9/17
 15799 | Lair:2   | Killed a death yak
 15808 | Lair:2   | Killed a death yak
 15820 | Lair:2   | Killed a death yak
 16500 | Lair:3   | Noticed an eight-headed hydra
 16513 | Lair:3   | Killed an eight-headed hydra
 16514 | Lair:3   | Reached skill level 10 in Fighting
 17071 | Lair:2   | Identified the +3 barding of Gimyomeo {-Tele Int+2 Stlth+}
                  | (Okawaru gifted it to you on level 2 of the Lair of Beasts)
 17071 | Lair:2   | Received a gift from Okawaru
 17659 | Lair:3   | Noticed an eight-headed hydra
 17667 | Lair:3   | Killed an eight-headed hydra
 18345 | Lair:3   | Found a staircase to the Shoals.
 18582 | Lair:4   | Reached skill level 10 in Invocations
 18594 | Lair:4   | Annihilated by a blink frog

Illustrated notes

Levels and vault maps discovered:
D:1:      ncdulo_smallfort, layout_loops_ring
D:2:      layout_basic
D:3:      layout_rooms
D:4:      layout_loops_ring, serial_shops, nicolae_shop_stone,
          grunt_decor_fettered, uniq_crazy_yiuf_cottage
D:5:      minmay_chambers_of_threes, layout_rooms,
          minmay_temple_entry_sparse_star, minmay_misc_feat_diagonals
D:6:      layout_rooms, mainiacjoe_overflow_large_starburst, serial_glass,
          glass_columns_c, glass_columns_b, item_on_display_a,
          item_on_display_a, hangedman_decor_diamond_cutter,
          nrook_mini_backslash, serial_bayou_ford_a, interstate_on_off,
          hangedman_decor_peaks_small
D:7:      layout_loops_corners, fountainhead, amcnicky_mini_pool_small
D:8:      layout_basic, erik_lair_island, special_room [special_room_orc],
          corexii_leaking_fountain
D:9:      layout_roguey, orc_0_dummy
D:10:     layout_roguey, kennysheep_flooded_box
D:11:     layout_cave_pods, uniq_psyche
Temple:   regret_index_temple_chain_breaker
Lair:1:   layout_regular_city, serial_bayou_pond_d
Lair:2:   layout_chaotic_city, nicolae_spider_entry_orb_guardian,
          chequers_serial_rivers_marsh
Lair:3:   cheibrodos_lair_river_kwai, layout_gridlike,
          minmay_shoals_entry_lonely_mermaid
Lair:4:   layout_hall_layers

Skill      XL: |  1  2  3  4  5  6  7  8  9 10 11 12 |
---------------+-------------------------------------+-----
Maces & Flails | 3 4 5 6 7 8 10 11 13 14 | 14.0
Dodging        | 1 4 5 |  5.0
Fighting       | 5 7 10 | 10.0
Invocations    | 6 7 10 | 10.2
Armour         | 5 |  5.0
Shields        | 5 |  5.0

Action                   |  1- 3 |  4- 6 |  7- 9 | 10-12 || total
-------------------------+-------+-------+-------+-------++-------
Melee: Flail             |   146 |   145 |   347 |   694 ||  1332
       Tailslap          |    10 |    13 |    50 |   111 ||   184
 Fire: Hunting sling     |       |     8 |       |     7 ||    15
Throw: Stone             |       |    32 |    54 |    53 ||   139
       Dart              |       |       |    20 |    19 ||    39
       Boomerang         |       |       |       |    83 ||    83
       Javelin           |       |       |       |     6 ||     6
Invok: Heroism           |       |       |     3 |    16 ||    19
       Finesse           |       |       |       |     5 ||     5
 Abil: Rolling Charge    |    38 |    16 |    23 |    19 ||    96
Evoke: Wand              |       |       |     9 |     8 ||    17
  Use: Potion            |       |     1 |     4 |     2 ||     7
       Scroll            |       |       |     7 |     9 ||    16
Armor: Scale mail        |    81 |    33 |       |       ||   114
       Ring mail         |       |    20 |       |       ||    20
       Leather armour    |       |     5 |   118 |   233 ||   356
Dodge: Dodged            |    38 |    44 |   117 |   276 ||   475
Block: Kite shield       |    65 |    72 |   156 |   345 ||   638
